 Dungeon Crawl Stone Soup version 0.31-a0-1237-gabc64e778c (webtiles) character file.

Game seed: 10455597800193258106

70 night the Shooter (level 4, -4/36 HPs)
             Began as a Barachi Hunter on Dec 15, 2023.
             Slain by Sigmund
             ... wielding a +6 scythe of venom
              (11 damage)
             ... on level 2 of the Dungeon.
             The game lasted 00:01:59 (1114 turns).

night the Shooter (Barachi Hunter)                  Turns: 1114, Time: 00:01:59

Health: -4/36      AC:  4    Str: 12    XL:     4   Next: 21%
Magic:  0/4        EV: 12    Int: 10    God:
Gold:   99         SH:  0    Dex: 17    Spells: 1/3 levels left

rFire   . . .        a - +0 shortbow
rCold   . . .        (shield currently unavailable)
rNeg    . . .        c - +0 leather armour
rPois   .            f - +0 helmet
rElec   .            (no cloak)
rCorr   .            (no gloves)
SInv    .            (no boots)
Will    .....        (no amulet)
Stlth   ++           (no ring)
HPRegen 0.26/turn    (no ring)
MPRegen 0.09/turn

%: no passive effects
@: lethally poisoned (-4 -> -7), weak-willed, very slightly contaminated, slow
A: amphibious, slowness 1, strong legs 1, +LOS
a: Hop


You were on level 2 of the Dungeon.
You visited 1 branch of the dungeon, and saw 2 of its levels.

You collected 99 gold pieces.

Inventory:

Hand Weapons
 a - a +0 shortbow (weapon)
Missiles
 d - 27 stones
Armour
 c - a +0 leather armour (worn)
 f - a +0 helmet (worn)
Jewellery
 h - a +6 ring of intelligence
Scrolls
 b - a scroll of butterflies
 g - a scroll of enchant armour {unknown}
 i - a scroll of identify {unknown}
 j - a scroll of brand weapon {unknown}
Potions
 e - a potion of attraction {unknown}
 k - a potion of berserk rage {unknown}


   Skills:
 + Level 3.6 Fighting
 * Level 5.1 Ranged Weapons
 - Level 2.1 Dodging
 - Level 0.8 Stealth
 + Level 0.0 Hexes


You had one spell level left.
You knew the following spells:

 Your Spells              Type           Power      Damage    Failure   Level
a - Jinxbite              Hex            0%         N/A       58%         2

Your spell library contained the following spells:

 Spells                   Type           Power      Damage    Failure   Level
 Apportation              Tloc           0%         N/A       43%         1
 Freeze                   Ice            0%         1d3       43%         1
 Frozen Ramparts          Ice            0%         1d1       82%         3
 Hailstorm                Conj/Ice       0%         3d5       82%         3
 Alistair's Intoxication  Tmut/Pois      0%         N/A       100%        5


Dungeon Overview and Level Annotations

Branches:
Dungeon (2/15)

Altars:

Annotations:
D:2 Sigmund


Innate Abilities, Weirdness & Mutations

You are amphibious.
You cover ground slowly.
You can hop short distances.
You have an extended range of vision and can be seen from far away.


Message History

Nothing appears to happen.
Sigmund barely misses you.
Casting: Jinxbite (quite dangerous; 58% risk of failure)
Confirm with . or Enter, or press ? or * to list all spells.
You beckon some vexing sprites to accompany your attacks.
You feel your willpower being sapped. Sigmund misses you.
You shoot an arrow. The arrow closely misses Sigmund.
Sigmund hits you from afar with a +6 scythe of venom.
You are poisoned.
You shoot an arrow. The arrow hits Sigmund.
Sigmund is lightly wounded.
A giggling sprite leaps out and smacks Sigmund with his own hand.
Sigmund is moderately wounded.
You feel very sick.
You shoot an arrow. The arrow hits Sigmund.
Sigmund is moderately wounded.
You feel very sick.
Sigmund laughs darkly.
Sigmund gestures at you while chanting. The puff of flame hits you.
You shoot an arrow.
The arrow hits Sigmund but does no damage.
Sigmund is moderately wounded.
A giggling sprite leaps out and bonks Sigmund with its +6 scythe of venom.
Sigmund is moderately wounded.
You feel sick. Sigmund gestures at you while chanting. The magic dart hits you.
You are too injured to fight recklessly!
You shoot an arrow.
The arrow hits Sigmund but does no damage.
Sigmund is moderately wounded.
The jinxing sprites lose interest in you.
You feel sick. Sigmund barely misses you.
You shoot an arrow.
The arrow hits Sigmund but does no damage.
Sigmund is moderately wounded.
You feel sick.
Sigmund hits you from afar with a +6 scythe of venom!
You die...
Sigmund begins carving another notch in his scythe.

#############
...#######.@.@.......#
...).......#########.#
##.######### #.# #.#
#.# #.# ## ### #.# .#
..# #.# .. #.# #.#


You could see Sigmund (very drained).

Vanquished Creatures
  An iguana (D:2)
  An adder (D:2)
  2 dart slugs
  5 endoplasms
  A giant cockroach (D:1)
  3 goblins
  3 hobgoblins
  6 kobolds (D:1)
  A quokka (D:1)
  3 ball pythons
  3 bats
  A frilled lizard (D:2)
  2 rats
32 creatures vanquished.

Notes
Turn   | Place    | Note
-------+----------+-------------------------------------------
     0 | D:1      | night the Barachi Hunter began the quest for the Orb.
     0 | D:1      | Reached XP level 1. HP: 17/17 MP: 1/1
    56 | D:1      | Reached XP level 2. HP: 22/23 MP: 2/2
   451 | D:1      | Reached XP level 3. HP: 29/29 MP: 3/3
   721 | D:2      | HP: 2/29 [iguana (10)]
   723 | D:2      | Reached skill level 5 in Ranged Weapons
   873 | D:2      | Reached XP level 4. HP: 35/35 MP: 4/4
  1055 | D:2      | Learned a level 2 spell: Jinxbite
  1060 | D:2      | Noticed Sigmund
  1114 | D:2      | Slain by Sigmund

Illustrated notes

Levels and vault maps discovered:
D:1:      beargit_arrival_greenhouse, layout_loops_ring, st_stairs_9
D:2:      wander_river, layout_loops_ring, minmay_misc_feat_chi, uniq_sigmund

Skill      XL: |  1  2  3 |
---------------+----------+-----
Fighting       | 3 |  3.6
Ranged Weapons | 5 |  5.1
Dodging        | |  2.1
Stealth        | |  0.8

Action                     |  1- 3 |  4- 6 || total
---------------------------+-------+-------++-------
   Fire: Shortbow          |    65 |    20 ||    85
   Cast: Jinxbite          |       |     1 ||     1
 Armour: Leather armour    |     9 |    10 ||    19
  Dodge: Dodged            |     7 |     3 ||    10

Table legend: (Time is in decaauts)
 A = Elapsed time spent in this place.
 B = Non-inter-level travel time spent in this place.
 C = Inter-level travel time spent in this place.
 D = Time resting spent in this place.
 E = Time spent auto-exploring this place.
 F = Levels seen in this place.
 G = Mean time per level.
                   A        B        C        D        E       F      G
               +--------+--------+--------+--------+--------+-----+--------+
         Total |   1288 |   1258 |     30 |    143 |    926 |   2 |  644.0 |
       Dungeon |   1288 |   1258 |     30 |    143 |    926 |   2 |  644.0 |
               +--------+--------+--------+--------+--------+-----+--------+

Top non-repeatable levels by time:
     D:1: 863 daAuts
     D:2: 424 daAuts
